 Dungeon Crawl Stone Soup version 0.29-a0-1006-g0dd7720b37 (webtiles) character file.

Game seed: 5187454499524299872

188 Sobieck the Cutter (level 5, 0/26 HPs)
             Began as a Vine Stalker Brigand on Aug 6, 2022.
             Slain by a wraith (5 damage)
             ... in an ossuary.
             The game lasted 00:06:41 (3526 turns).

Sobieck the Cutter (Vine Stalker Brigand)           Turns: 3526, Time: 00:06:42

Health: 0/26       AC:  9    Str: 12 (14) XL:     5   Next: 67%
Magic:  0/6        EV:  5    Int:  8 (11) God:
Gold:   70         SH:  0    Dex: 16 (17) Spells: 4/4 levels left

rFire   . . .      SeeInvis .   a - +2 dagger {short}
rCold   . . .      Faith    .   (no shield)
rNeg    . . .      Spirit   +   m - +0 chain mail
rPois   .          Reflect  .   (helmet restricted)
rElec   .          Harm     .   c - +0 cloak
rCorr   .          Rampage  .   (no gloves)
Will    .....                   (no boots)
Stlth   ..........              (no amulet)
HPRegen 0.88/turn               (no ring)
MPRegen 0.10/turn               (no ring)

@: attractive, flying, slowed, very slow
A: fangs 2, regeneration 1, magic shield, antimagic bite, no potion heal 2,
antennae 1
a: no special abilities


You were in an ossuary.
You visited 1 branch of the dungeon, and saw 5 of its levels.
You also visited: Ossuary.

You collected 70 gold pieces.


Innate Abilities, Weirdness & Mutations

You have extremely sharp teeth.
Your natural rate of healing is unusually fast.
When hurt, damage is shared between your health and your magic reserves.
Your bite disrupts and absorbs the magic of your enemies.
Potions cannot restore your health.
You have a pair of small antennae on your head.


   Skills:
 - Level 1.7 Fighting
 + Level 5.2 Short Blades
 - Level 1.7 Throwing
 - Level 0.7 Dodging
 - Level 4.8 Stealth


You had 4 spell levels left.
You didn't know any spells.
Your spell library contained the following spells:

 Spells                   Type           Power      Damage    Failure   Level
 Dazzling Flash           Conj/Hex       0%         N/A       100%        3
 Iskenderun's Mystic Bla  Conj/Tloc      0%         2d3       100%        4
 Starburst                Conj/Fire      0%         6d3       100%        6

Inventory:

Hand Weapons
 a - a +2 dagger (weapon) {short}
 b - a +0 sling
   (You found it on level 2 of the Dungeon)
Missiles
 d - 9 poisoned darts (quivered) {throwing}
 e - 3 curare-tipped darts {=fthrowing}
 p - 39 stones {throwing}
Armour
 c - a +0 cloak (worn)
 i - a +0 robe
   (You found it on level 1 of the Dungeon)
 j - a +0 robe
   (You found it on level 1 of the Dungeon)
 m - a +0 chain mail (worn)
   (You found it on level 1 of the Dungeon)
 q - a +0 robe
   (You found it on level 2 of the Dungeon)
 r - a +0 robe
 u - a +0 leather armour
   (You found it on level 2 of the Dungeon)
 A - a +0 robe
   (You found it on level 4 of the Dungeon)
Magical Staves
 y - a staff of fire {!astaff}
   (You found it on level 3 of the Dungeon)
Scrolls
 g - 2 scrolls of teleportation {unknown}
 h - 2 scrolls of fear {unknown}
 n - a scroll of torment {unknown}
 o - a scroll of enchant weapon {unknown}
 s - 2 scrolls of brand weapon {unknown}
 w - a scroll of vulnerability {unknown}
 x - 3 scrolls of identify {unknown}
 C - 2 scrolls of blinking {unknown}
 D - a scroll of acquirement {unknown}

Dungeon Overview and Level Annotations

Branches:
Dungeon (5/15) Zot: 26815 Ossuary (1/1) Zot: 5658
 Temple: D:4-7

Altars:

Shops:
D:2 [

Annotations:
D:3 Grinder

#########################
#........................
#.∩.....................∩
#.......#####+#####......
#......##.........##.....
#.....##...##'##...##....
#....##.@W##...##...##...
#....#...##.?!!.##...#...
#....+...#.???!?.#...'...
#....#...##.??!.##...#...
#....##...##...##...##...
#.....##...#####...##....
#......##.........##.....
#.......#####'#####......
#.∩.....................∩


You could see a wraith.


Message History

Unknown command.
You hit the wraith but do no damage. The wraith hits you.
* * * LOW HITPOINT WARNING * * *
The wraith drains your vigour!
You feel as though you will be slow longer.
You hit the wraith but do no damage.
Your transformation is almost over.
The wraith hits you but does no damage.
You barely miss the wraith. The wraith hits you but does no damage.
You hit the wraith but do no damage. The wraith hits you but does no damage.
You hit the wraith.
The wraith hits you but does no damage. x2
You hit the wraith but do no damage. The wraith hits you but does no damage.
You hit the wraith but do no damage. The wraith hits you but does no damage.
You hit the wraith but do no damage. The wraith hits you but does no damage.
You hit the wraith but do no damage. The wraith hits you!
* * * LOW HITPOINT WARNING * * *
You barely miss the wraith.
You feel less wooden.
Your +0 cloak unmelds from your body.
Your +0 chain mail unmelds from your body.
The wraith hits you but does no damage.
You hit the wraith but do no damage. The wraith hits you.
* * * LOW HITPOINT WARNING * * *
The wraith drains your vigour!
You feel as though you will be slow longer.
Unknown command.
It was a potion of ambrosia.
You are confused.
Your system rejects the healing.
You feel invigorated. The wraith hits you!
* * * LOW HITPOINT WARNING * * *
The wraith drains your vigour!
You feel as though you will be slow longer.
The wraith barely misses you.
You feel less invigorated.
You feel less confused.
Unknown command.
The wraith attacks as you move away!
The wraith hits you but does no damage. x2
Unknown command.
Unknown command.
The wraith hits you!
* * * LOW HITPOINT WARNING * * *
The wraith drains your vigour!
You feel as though you will be slow longer.
Unknown command.
You hit the wraith but do no damage. Your bite misses the wraith.
The wraith barely misses you.
You hit the wraith but do no damage. Your bite misses the wraith.
The wraith hits you but does no damage.
Unknown command.
You hit the wraith. You bite the wraith. You drain its power.
You feel invigorated. The wraith hits you.
* * * LOW HITPOINT WARNING * * *
The wraith drains your vigour!
You feel as though you will be slow longer.
You hit the wraith. You bite the wraith, but do no damage. The wraith hits you.
* * * LOW HITPOINT WARNING * * *
Unknown command.
It was a potion of mutation.
You feel extremely strange. A pair of antennae grows on your head!
The wraith barely misses you. The wraith hits you but does no damage.
It was a potion of attraction.
You feel attractive to monsters. The wraith completely misses you.
It was a potion of degeneration.
There was something very wrong with that liquid.
You feel weakened.
You feel dopey.
You feel clumsy. The wraith hits you.
* * * LOW HITPOINT WARNING * * *
The wraith hits you but does no damage.
It was a potion of curing.
That felt strangely inert.
The wraith hits you but does no damage.
It was a potion of flight.
You feel very buoyant.
You fly up into the air.
The wraith hits you.
* * * LOW HITPOINT WARNING * * *
The wraith hits you but does no damage.
It was a potion of magic.
Magic courses through your body. The wraith hits you but does no damage.
You completely miss the wraith. Your bite misses the wraith.
The wraith hits you.
* * * LOW HITPOINT WARNING * * *
The wraith drains your vigour!
You feel as though you will be slow longer.
You hit the wraith. You bite the wraith, but do no damage. The wraith hits you.
* * * LOW HITPOINT WARNING * * *
The wraith drains your vigour!
You feel as though you will be slow longer.
You hit the wraith. You bite the wraith, but do no damage. The wraith hits you.
* * * LOW HITPOINT WARNING * * *
The wraith drains your vigour!
You feel as though you will be slow longer.
You hit the wraith but do no damage. You bite the wraith. You drain its power.
You feel invigorated. The wraith barely misses you.
You aren't carrying any items that you can evoke.
Unknown command.
Unknown command.
You hit the wraith but do no damage. Your bite misses the wraith.
The wraith hits you.
You hit the wraith but do no damage. The wraith hits you!
You die...

Skill      XL: |  1  2  3  4  5 |
---------------+----------------+-----
Short Blades   | 2 3 4 5 |  5.2
Fighting       | |  1.7
Throwing       | |  1.7
Dodging        | |  0.7
Stealth        | |  4.8

Action                   |  1- 3 |  4- 6 || total
-------------------------+-------+-------++-------
Melee: Dagger            |    98 |   145 ||   243
       Bite              |    22 |    36 ||    58
       Punch             |     1 |     1 ||     2
 Fire: Sling             |       |    44 ||    44
  Use: Potion            |       |     9 ||     9
 Stab: Sleeping          |     2 |       ||     2
Armor: Robe              |    15 |       ||    15
       Chain mail        |    22 |    68 ||    90
       Skin              |       |    24 ||    24
Dodge: Dodged            |    40 |    28 ||    68

Levels and vault maps discovered:
D:1:      dpeg_arrival_pits, layout_basic
D:2:      layout_basic, serial_shops, nicolae_shop_crystal,
          ebering_ecumenical_altar_sacrificial, minmay_ruptured
D:3:      layout_loops_ring, gammafunk_ghost_cemetery,
          minmay_misc_feat_nine_boxes, uniq_grinder
D:4:      layout_loops_ring, grunt_temple_overflow_open,
          chequers_ossuary_entry_cave
D:5:      layout_cave_pools, slow_altar_2, minivault_24, eino_tiny_chamber,
          uniq_sigmund
Ossuary:  ossuary_due_mausoleum

Notes
Turn   | Place    | Note
-------+----------+-------------------------------------------
     0 | D:1      | Sobieck the Vine Stalker Brigand began the quest for the
                  | Orb.
     0 | D:1      | Reached XP level 1. HP: 11/11 MP: 2/2
   189 | D:1      | Reached skill level 2 in Short Blades
   276 | D:1      | Reached XP level 2. HP: 11/15 MP: 3/3
  1028 | D:1      | Reached skill level 3 in Short Blades
  1140 | D:1      | Reached XP level 3. HP: 15/18 MP: 4/4
  1780 | D:2      | Found a faded altar of an unknown god.
  2015 | D:2      | You pick up a book of Spectacle and begin reading...
  2015 | D:2      | You add the spells Dazzling Flash, Iskenderun's Mystic
                  | Blast and Starburst to your library.
  2039 | D:2      | Gained mutation: Your natural rate of healing is unusually
                  | fast. [Vine Stalker growth]
  2039 | D:2      | Reached XP level 4. HP: 23/23 MP: 5/5
  2098 | D:2      | Found Gagukk's Armour Emporium.
  2103 | D:2      | Reached skill level 4 in Short Blades
  2849 | D:3      | Noticed Grinder
  3058 | D:5      | Entered Level 5 of the Dungeon
  3058 | D:5      | Noticed a scorpion
  3071 | D:5      | Killed a scorpion
  3072 | D:5      | Reached XP level 5. HP: 13/26 MP: 4/6
  3198 | D:4      | Found a sand-covered staircase.
  3206 | Ossuary  | Entered an ossuary
  3206 | Ossuary  | Noticed a wraith
  3206 | Ossuary  | Noticed a wraith
  3206 | Ossuary  | Noticed a wraith
  3218 | Ossuary  | Reached skill level 5 in Short Blades
  3419 | Ossuary  | Noticed a wraith
  3506 | Ossuary  | HP: 6/26 [wraith (6)]
  3514 | Ossuary  | HP: 6/26 [wraith (2)]
  3515 | Ossuary  | Gained mutation: You have a pair of small antennae on your
                  | head. [potion of mutation]
  3519 | Ossuary  | HP: 6/26 [wraith (3)]
  3523 | Ossuary  | HP: 2/26 [wraith (3)]
  3526 | Ossuary  | Slain by a wraith

Vanquished Creatures
  A scorpion (D:5)
  A mummy (Ossuary)
  A gnoll (D:1)
  3 adders (D:2)
  2 dart slugs (D:1)
  5 bats
  5 endoplasms
  A giant cockroach (D:1)
  7 goblins
  7 hobgoblins
  3 quokkas
  6 ball pythons
  3 frilled lizards
  3 gnoll skeletons (Ossuary)
  7 kobolds
  A kobold skeleton (Ossuary)
  21 orc skeletons (Ossuary)
  8 rats
85 creatures vanquished.

Table legend:
 A = Non-vault XP
 B = Vault XP
 C = Vault XP percentage of total XP
 D = Non-vault monster count
 E = Vault monster count
 F = Vault count percentage of total count
                 A         B        C        D         E       F
            +---------+---------+-------+---------+---------+-------
      Total |     219 |      50 |  18.6 |      55 |      30 |  35.3
            +---------+---------+-------+---------+---------+-------
        D:1 |      53 |       0 |   0.0 |      23 |       0 |   0.0
        D:2 |      72 |       7 |   8.9 |      23 |       4 |  14.8
        D:3 |       6 |       0 |   0.0 |       5 |       0 |   0.0
        D:4 |       5 |       0 |   0.0 |       3 |       0 |   0.0
        D:5 |      83 |       0 |   0.0 |       1 |       0 |   0.0
    Ossuary |       0 |      43 | 100.0 |       0 |      26 | 100.0
            +---------+---------+-------+---------+---------+-------

Illustrated notes

Table legend:
 A = Kills in this place as a percentage of kills in entire the game.
 B = Kills by you in this place as a percentage of kills by you in the entire game.
 C = Kills by friends in this place as a percentage of kills by friends in the entire game.
 D = Other kills in this place as a percentage of other kills in the entire game.
 E = Experience gained in this place as a percentage of experience gained in the entire game.
 F = Experience gained in this place divided by the number of levels of this place that you have seen.
                   A       B       C       D       E      F
               +-------+-------+-------+-------+-------+----------------------
         Total | 100.0 | 100.0 |   N/A |   N/A | 100.0 |  44.8
       Dungeon |  69.4 |  69.4 |   N/A |   N/A |  84.0 |  45.2
       Ossuary |  30.6 |  30.6 |   N/A |   N/A |  16.0 |  43.0
               +-------+-------+-------+-------+-------+----------------------

Table legend: (Time is in decaauts)
 A = Elapsed time spent in this place.
 B = Non-inter-level travel time spent in this place.
 C = Inter-level travel time spent in this place.
 D = Time resting spent in this place.
 E = Time spent auto-exploring this place.
 F = Levels seen in this place.
 G = Mean time per level.
                   A        B        C        D        E       F      G
               +--------+--------+--------+--------+--------+-----+--------+
         Total |   3524 |   3368 |    156 |    156 |   2431 |   6 |  587.3 |
       Dungeon |   3184 |   3028 |    156 |    122 |   2431 |   5 |  636.8 |
       Ossuary |    340 |    340 |      0 |     34 |      0 |   1 |  340.0 |
               +--------+--------+--------+--------+--------+-----+--------+

Top non-repeatable levels by time:
     D:1: 1732 daAuts
     D:2: 1051 daAuts
 Ossuary: 340 daAuts
     D:3: 247 daAuts
     D:4: 115 daAuts
     D:5: 36 daAuts
